Map: Submarine LE

Players

FREElancer - Winner!

  • Race: Terran Terran
  • League: Gold
  • Spawn Location: 5:00

Cheater 1 (Vision)

  • Race: Zerg Zerg
  • Spawn Location: 11:00

VOD

Have the link to the VOD?

Description

Time

  • Played on: Sept. 16, 2020, 5 p.m.
  • Length: 27:19
Show
View Real Time Build Order
Export as new Build Order

FREElancer Terran - Winner!

Build Orders: Reaper Expand 

Get SALT Encoding   

  12  0:00  SCV  
  13  0:12  SCV  
  14  0:17  Supply Depot  
  14  0:24  SCV  
  15  0:38  SCV  
  15  0:40  Barracks  
  16  0:46  Refinery  
  16  0:50  SCV  
  17  1:04  SCV  
  18  1:16  SCV  
  19  1:30  Orbital Command  
  19  1:31  Reaper  
  20  1:54  Command Center  
  20  1:56  SCV  
  21  2:05  Supply Depot  
  21  2:11  Factory  
  21  2:17  SCV  
  21  2:21  Barracks Tech Lab  
  22  2:29  SCV  
  22  2:41  SCV, Marauder  
  25  2:47  Bunker  
  25  2:53  SCV, Refinery  
  26  3:03  Factory Tech Lab  
  26  3:06  Marine  
  26  3:12  Orbital Command  
  27  3:13  SCV  
  28  3:25  SCV  
  29  3:33  Siege Tank  
  32  3:35  Marauder  
  32  3:37  SCV  
  35  3:49  SCV  
  35  4:00  Marauder  
  35  4:01  SCV  
  37  4:13  SCV  
  35  4:20  Siege Tank  
  35  4:21  Orbital Command  
  35  4:22  Marauder  
  37  4:26  SCV  
  38  4:37  Bunker  
  38  4:42  Marine  
  38  4:43  SCV  
  40  4:52  Starport  
  40  4:55  SCV  
  40  4:58  Barracks  
  40  4:59  SCV  
  42  5:00  Marine, Barracks  
  43  5:07  SCV  
  43  5:11  SCV  
  45  5:18  Marine  
  46  5:22  Refinery  
  46  5:25  Refinery  
  46  5:33  Supply Depot  
  46  5:34  Supply Depot  
  46  5:43  Starport Tech Lab  
  46  5:45  Stimpack  
  46  5:48  Barracks Reactor  
  46  5:49  Barracks Reactor  
  46  5:54  SCV x2, Marine, Siege Tank  
  46  5:55  Supply Depot  
  52  6:05  Engineering Bay  
  52  6:07  SCV x2  
  52  6:09  Engineering Bay  
  54  6:11  Banshee  
  54  6:12  Marine  
  54  6:17  Supply Depot  
  54  6:18  Supply Depot  
  58  6:19  SCV x2  
  60  6:26  Marine x2  
  60  6:27  Marine  
  60  6:30  Marine  
  60  6:31  SCV x2  
  66  6:35  Terran Infantry Weapons Level 1  
  66  6:43  SCV x2  
  68  6:49  Siege Tank  
  68  6:52  Marine  
  72  6:54  Banshee  
  72  6:55  SCV x2  
  77  7:03  Supply Depot  
  77  7:05  Terran Infantry Armor Level 1  
  77  7:06  Supply Depot, Marine x2  
  77  7:07  SCV, Marine  
  81  7:20  Marine x2  
  83  7:24  Marine  
  84  7:30  SCV x2  
  84  7:34  Marine  
  84  7:35  Marine  
  88  7:38  Marine  
  88  7:39  Command Center  
  88  7:42  SCV x2  
  91  7:44  Marine  
  91  7:45  Marine  
  91  7:46  Siege Tank  
  96  7:52  Marine x2  
  96  7:54  SCV x2  
  99  8:04  Marine  
  99  8:05  Marine x2  
  102  8:15  SCV x2, Marine x2  
  97  8:27  SCV x2, Marine x3  
  97  8:31  Supply Depot  
  97  8:33  Supply Depot  
  102  8:44  Supply Depot  
  102  8:46  Supply Depot  
  102  8:50  Marine x5  
  102  8:51  SCV x2  
  102  8:54  Barracks x2  
  109  9:03  SCV  
  109  9:06  Starport Reactor  
  109  9:08  Marine x3  
  109  9:09  Supply Depot  
  113  9:13  SCV  
  113  9:15  SCV  
  115  9:17  Armory  
  115  9:22  Marine x2  
  115  9:23  Siege Tank  
  120  9:25  SCV  
  120  9:26  Marine x3  
  120  9:27  SCV  
  125  9:39  Marine  
  125  9:40  Marine  
  125  9:41  Planetary Fortress  
  127  9:50  Missile Turret  
  127  9:54  Missile Turret  
  127  9:55  Siege Tank  
  127  9:57  Barracks Reactor  
  127  9:58  Barracks Reactor  
  130  10:01  Combat Shield  
  130  10:02  Refinery, Marine x4  
  130  10:03  Refinery, Marine  
  134  10:20  Marine x4  
  138  10:22  Medivac x2  
  138  10:27  Siege Tank  
  138  10:28  Marine  
  146  10:37  Supply Depot  
  146  10:38  Marine x3  
  146  10:39  SCV x2  
  146  10:40  Supply Depot  
  146  10:42  Terran Infantry Weapons Level 2  
  151  10:45  Terran Infantry Armor Level 2  
  151  10:47  Marine  
  152  10:51  SCV  
  152  10:52  Medivac x2  
  157  10:59  Siege Tank  
  157  11:03  Marine  
  157  11:04  Marine x4  
  164  11:31  Siege Tank  
  167  11:40  Marine x3  
  167  11:41  Marine x3  
  167  11:43  Supply Depot  
  167  11:45  Supply Depot  
  173  12:05  Supply Depot  
  173  12:06  Supply Depot  
  173  12:11  Supply Depot  
  173  12:12  Supply Depot  
  173  12:26  Marine x8  
  173  12:27  Marine  
  182  12:30  Missile Turret  
  182  12:44  Marine x3  
  182  12:45  Marine x4  
  182  12:46  Siege Tank  
  182  12:48  Medivac x2  
  195  13:04  Marine x3  
  195  13:05  Marine x2  
  173  13:52  Marine x3  
  173  13:53  Marine x6  
  173  13:54  Siege Tank  
  156  13:56  Medivac x2  
  159  14:10  Marine  
  159  14:14  Marine x4  
  164  14:20  Terran Infantry Weapons Level 3  
  164  14:21  Terran Infantry Armor Level 3  
  164  14:26  Siege Tank  
  164  14:27  Marine x4  
  164  14:28  Medivac, Barracks  
  164  14:29  Medivac, Barracks  
  164  14:30  Barracks  
  175  14:31  Factory  
  153  14:58  Marine, Siege Tank  
  153  14:59  Marine x7  
  156  15:00  Marine  
  158  15:27  Marine x3  
  158  15:28  Barracks Reactor x2  
  161  15:29  Barracks Tech Lab  
  161  15:30  Factory Tech Lab  
  161  15:34  Liberator x2  
  167  16:09  Marine x6  
  167  16:10  Marine x2  
  175  16:17  Liberator x2  
  180  16:21  Marine x2  
  137  16:50  Marine x4  
  140  17:15  Marine  
  140  17:16  Marine x5  
  140  17:17  Marine x2  
  140  17:18  Marine x4, Siege Tank  
  140  17:19  Siege Tank  
  140  17:20  Medivac x2  
  140  17:21  Marine x2  
  164  17:33  Marine x2  
  164  17:34  Marine x3  
  164  17:37  Marine x2  
  171  17:51  Siege Tank x2  
  152  18:13  Marine x2  
  152  18:14  Marine x6  
  152  18:15  Marine x3  
  162  18:30  Marine  
  162  18:31  Marine x5  
  162  18:32  Marine x3  
  169  18:46  Marine x3  
  169  18:48  Siege Tank x2  
  178  18:49  Medivac x2  
  181  19:20  Siege Tank x2  
  186  19:53  Marine x3  
  186  19:54  Marine x6  
  193  20:28  Marine x2  
  193  20:29  Marine x3  
  198  20:41  Terran Vehicle Weapons Level 1  
  198  20:49  Command Center  
  196  22:11  Refinery  
  196  22:15  Refinery  
  175  23:10  Marine x4  
  175  23:11  Marine x2  
  175  23:23  Marine x6  
  175  23:24  Marine x2  
  179  23:28  Marine x3  
  179  23:32  Marine x3  
  185  23:41  Marine x7  
  185  24:29  Marine x3  
  185  24:32  Marine  
  185  24:33  Marine x4  
  186  24:45  Marine x3  
  186  24:46  Marine x2  
  188  25:37  Marine x4  
Show
View Real Time Build Order
Export as new Build Order

Cheater 1 (Vision) Zerg 

Build Orders: Pool First 

Get SALT Encoding   

  12  0:00  Drone  
  13  0:12  Overlord  
  13  0:16  Drone  
  14  0:31  Drone  
  15  0:38  Spawning Pool  
  15  0:41  Drone  
  15  0:45  Drone  
  15  0:49  Drone  
  17  0:52  Extractor  
  17  0:56  Drone  
  17  1:06  Drone  
  18  1:17  Drone  
  19  1:27  Queen  
  19  1:28  Zergling x2  
  19  1:30  Roach Warren  
  21  1:38  Overlord  
  21  1:49  Drone  
  22  2:00  Overlord  
  22  2:11  Roach  
  24  2:21  Roach  
  26  2:26  Hatchery  
  25  2:32  Drone  
  25  2:34  Roach x2  
  30  2:39  Roach  
  34  2:44  Roach  
  34  2:54  Overlord  
  34  3:06  Roach x2  
  34  3:12  Roach  
  40  3:17  Roach  
  42  3:28  Roach  
  44  3:37  Overlord, Roach  
  44  3:38  Roach  
  44  3:39  Roach  
  50  3:45  Zergling x2  
  50  4:07  Lair  
  48  4:13  Zergling x2  
  48  4:15  Extractor  
  48  4:19  Drone  
  48  4:22  Extractor  
  48  4:24  Drone  
  37  4:26  Drone  
  37  4:30  Drone  
  39  4:34  Drone  
  39  4:38  Drone  
  41  4:42  Drone  
  41  4:45  Drone  
  43  4:48  Drone  
  44  4:53  Drone  
  44  4:56  Drone  
  46  5:00  Drone  
  46  5:04  Drone  
  48  5:07  Hydralisk Den, Drone  
  48  5:11  Drone  
  49  5:14  Drone  
  49  5:16  Drone  
  49  5:20  Drone  
  49  5:21  Overlord  
  52  5:27  Drone  
  53  5:31  Drone  
  53  5:33  Drone  
  53  5:35  Drone  
  56  5:40  Drone  
  57  5:43  Hydralisk  
  57  5:44  Hydralisk, Drone  
  57  5:48  Overlord  
  62  5:52  Drone  
  62  5:54  Drone  
  64  6:02  Drone  
  65  6:05  Drone  
  66  6:13  Drone  
  66  6:16  Infestation Pit, Zergling x2, Roach, Drone, Overlord  
  70  6:19  Overseer  
  70  6:25  Drone  
  71  6:26  Drone  
  72  6:33  Baneling Nest  
  72  6:36  Drone  
  72  6:37  Drone  
  73  6:46  Overlord  
  73  6:48  Zergling x8, Evolution Chamber  
  76  6:57  Hatchery, Infestor  
  76  6:59  Roach  
  79  7:09  Overlord, Roach  
  79  7:15  Zerg Missile Weapons Level 1, Metabolic Boost  
  81  7:17  Baneling x2  
  81  7:18  Baneling  
  81  7:19  Zergling x6, Baneling x3  
  81  7:20  Zergling x2, Infestor  
  87  7:27  Baneling  
  87  7:28  Baneling  
  87  7:29  Baneling  
  87  7:30  Zergling x2, Centrifical Hooks  
  87  7:31  Zergling x2  
  89  7:39  Extractor  
  89  7:41  Zergling x2, Overlord, Baneling  
  89  7:43  Baneling  
  89  7:52  Zergling x4, Drone  
  89  7:54  Evolution Chamber, Baneling  
  89  7:57  Evolution Chamber, Drone x2  
  91  8:03  Drone  
  91  8:04  Drone  
  89  8:09  Drone  
  85  8:13  Drone  
  85  8:15  Drone  
  85  8:19  Zerg Melee Weapons Level 1, Drone  
  77  8:23  Drone, Zerg Ground Armor Level 1  
  77  8:24  Zergling x2, Roach  
  69  8:27  Roach  
  69  8:29  Drone  
  69  8:30  Baneling  
  69  8:31  Drone  
  73  8:35  Drone  
  73  8:37  Drone  
  73  8:41  Drone  
  76  8:45  Drone  
  76  8:48  Drone  
  78  8:51  Drone  
  78  8:55  Zergling x4, Drone, Baneling x3  
  82  8:56  Drone  
  82  9:00  Drone  
  82  9:02  Drone  
  85  9:07  Roach, Baneling  
  87  9:10  Drone, Baneling  
  87  9:12  Baneling  
  87  9:13  Drone, Baneling  
  87  9:15  Baneling x2  
  87  9:16  Baneling  
  89  9:17  Baneling  
  89  9:18  Zergling x2, Baneling x2  
  89  9:21  Zergling x2, Baneling  
  89  9:22  Ravager  
  89  9:24  Ravager, Drone  
  94  9:26  Zergling x2, Drone, Extractor  
  94  9:27  Roach  
  94  9:29  Zergling x2  
  98  9:32  Overlord  
  98  9:34  Roach  
  100  9:39  Roach, Baneling x2  
  100  9:42  Extractor  
  100  9:43  Roach  
  100  9:45  Roach  
  105  9:50  Zergling x2  
  106  9:54  Overlord  
  106  9:55  Zerg Missile Weapons Level 2  
  106  9:56  Zergling x2  
  106  9:58  Zergling x4, Roach  
  111  10:01  Zergling x2  
  111  10:05  Drone  
  111  10:06  Drone  
  114  10:11  Hydralisk  
  116  10:15  Hatchery, Baneling  
  116  10:16  Overlord  
  116  10:17  Drone  
  115  10:22  Drone  
  115  10:26  Zerg Melee Weapons Level 2  
  115  10:27  Drone  
  115  10:28  Drone  
  118  10:30  Zergling x4, Roach  
  118  10:33  Zergling x2  
  118  10:34  Zerg Ground Armor Level 2  
  123  10:38  Overlord  
  123  10:39  Roach  
  125  10:43  Hydralisk  
  125  10:49  Spine Crawler, Drone x2  
  128  10:54  Drone  
  129  10:59  Overlord  
  129  11:00  Drone  
  129  11:01  Hive, Infestor  
  129  11:02  Drone  
  129  11:03  Drone  
  134  11:05  Drone  
  135  11:11  Infestor  
  137  11:18  Overlord  
  137  11:21  Infestor  
  139  11:28  Drone x2  
  139  11:29  Drone x2  
  139  11:32  Drone  
  144  11:34  Drone  
  144  11:38  Overlord  
  145  11:41  Extractor  
  145  11:43  Drone  
  145  11:45  Zergling x4  
  145  11:47  Zergling x4  
  140  11:48  Zergling x2  
  137  11:59  Extractor  
  137  12:00  Drone  
  137  12:03  Zergling x4, Baneling x4  
  137  12:04  Zergling x4, Baneling x4  
  137  12:05  Zergling x4, Spine Crawler, Drone, Baneling x4  
  137  12:06  Zergling x2, Baneling x4  
  137  12:07  Zergling x2  
  145  12:15  Ultralisk Cavern  
  144  12:16  Drone  
  145  12:26  Spine Crawler  
  145  12:27  Drone  
  145  12:28  Spine Crawler  
  145  12:29  Drone  
  145  12:30  Spine Crawler  
  145  12:32  Drone  
  145  12:46  Zerg Melee Weapons Level 3  
  145  12:47  Spore Crawler  
  145  12:48  Drone  
  145  12:49  Spore Crawler  
  145  12:50  Drone  
  145  12:52  Spore Crawler  
  145  12:53  Drone  
  145  12:54  Zerg Missile Weapons Level 3  
  145  12:56  Spine Crawler  
  145  12:57  Drone  
  145  12:59  Queen, Baneling  
  145  13:00  Zergling x2, Baneling x2  
  145  13:01  Zergling x2  
  145  13:02  Ultralisk  
  145  13:03  Overlord, Ultralisk x2  
  145  13:04  Pneumatized Carapace  
  165  13:07  Overseer  
  165  13:10  Overseer  
  165  13:11  Ultralisk  
  171  13:21  Overlord, Ultralisk  
  177  13:37  Queen x2  
  177  13:39  Overlord  
  177  13:40  Spine Crawler  
  180  13:42  Spine Crawler, Drone x2  
  180  13:44  Zergling x2, Drone  
  180  13:45  Zergling x2  
  159  13:50  Spore Crawler  
  159  13:52  Spore Crawler  
  114  13:59  Roach  
  114  14:01  Roach  
  116  14:03  Zergling x2, Baneling x2  
  116  14:04  Baneling  
  116  14:05  Zergling x2, Baneling  
  116  14:07  Roach  
  116  14:09  Hydralisk  
  121  14:11  Hydralisk  
  121  14:14  Hydralisk  
  121  14:16  Drone  
  121  14:17  Hatchery, Drone  
  125  14:18  Drone  
  125  14:19  Drone  
  128  14:24  Baneling x2  
  128  14:25  Zergling x2, Baneling x2  
  128  14:26  Zergling x2  
  128  14:28  Zergling x2  
  128  14:29  Lair  
  131  14:42  Hydralisk  
  131  14:47  Ultralisk  
  131  14:49  Infestor  
  133  14:54  Zergling x4  
  133  14:59  Ultralisk, Baneling x2  
  129  15:00  Zergling x2, Baneling  
  129  15:02  Zergling x4  
  129  15:04  Zergling x2  
  129  15:05  Zergling x2  
  129  15:06  Zergling x2  
  135  15:07  Baneling  
  135  15:08  Baneling  
  135  15:09  Zergling x2  
  135  15:10  Baneling  
  136  15:14  Baneling  
  136  15:15  Zergling x4, Baneling x3  
  136  15:19  Zergling x2, Baneling x2  
  137  15:25  Ultralisk  
  143  15:29  Spire  
  143  15:30  Drone  
  143  15:34  Ultralisk  
  149  15:43  Zerg Ground Armor Level 3  
  149  15:47  Pathogen Glands  
  149  15:54  Drone x2  
  149  15:55  Drone x3  
  149  16:08  Drone  
  149  16:09  Drone x4  
  146  16:16  Drone x2  
  143  16:19  Drone x3  
  143  16:22  Drone x3  
  143  16:23  Drone x2  
  143  16:24  Drone, Baneling x2  
  117  16:35  Zergling x2  
  117  16:37  Zergling x2  
  117  16:39  Roach  
  115  16:41  Mutalisk, Roach  
  115  16:43  Roach  
  115  16:44  Neural Parasite  
  115  16:45  Roach  
  120  16:47  Mutalisk  
  120  16:50  Mutalisk  
  124  16:58  Ultralisk  
  130  17:01  Zergling x2, Baneling  
  130  17:02  Baneling  
  130  17:03  Zergling x2, Baneling x2  
  130  17:05  Corruptor  
  134  17:08  Corruptor  
  134  17:11  Corruptor  
  134  17:15  Corruptor  
  138  17:21  Baneling  
  138  17:22  Zergling x2, Baneling  
  141  17:23  Hatchery, Zergling x2, Baneling x2  
  141  17:26  Chitinous Plating  
  141  17:29  Spine Crawler  
  138  17:30  Drone x2  
  138  17:31  Spine Crawler, Drone  
  117  17:45  Drone  
  117  17:48  Drone  
  117  17:50  Drone  
  120  17:53  Drone  
  120  17:55  Drone  
  120  17:58  Drone  
  117  18:00  Zergling x2  
  117  18:03  Hatchery  
  117  18:05  Roach  
  110  18:11  Hydralisk  
  91  18:15  Hydralisk  
  91  18:18  Drone  
  94  18:20  Drone  
  94  18:22  Drone  
  94  18:24  Zergling x2  
  94  18:26  Drone  
  95  18:29  Drone  
  95  18:33  Drone  
  88  18:35  Drone  
  88  18:39  Drone  
  89  18:43  Drone  
  89  18:47  Roach  
  88  18:51  Roach  
  88  18:53  Drone  
  91  18:56  Drone  
  91  18:58  Drone  
  91  19:00  Drone  
  91  19:02  Drone  
  95  19:04  Drone  
  95  19:07  Drone  
  91  19:27  Zergling x2  
  91  19:31  Hatchery, Zergling x2  
  91  19:34  Drone  
  91  19:36  Drone  
  92  19:39  Drone  
  92  19:41  Drone  
  92  19:42  Drone  
  92  19:44  Drone  
  95  19:46  Drone  
  95  19:47  Drone  
  95  19:49  Drone  
  95  19:50  Drone  
  95  19:52  Drone  
  100  19:53  Drone  
  100  19:55  Drone  
  100  19:57  Drone  
  100  19:59  Drone  
  104  20:01  Drone  
  104  20:03  Drone  
  103  20:16  Drone  
  103  20:18  Drone  
  103  20:20  Drone  
  104  20:21  Hatchery  
  104  20:22  Drone  
  104  20:23  Drone  
  104  20:25  Drone  
  104  20:27  Drone  
  106  20:29  Drone  
  106  20:31  Drone  
  106  20:32  Drone  
  106  20:35  Drone  
  108  20:36  Drone  
  108  20:38  Drone  
  108  20:39  Drone  
  108  20:41  Drone  
  111  20:43  Drone  
  111  20:44  Drone  
  111  20:46  Drone  
  111  20:47  Drone  
  111  20:49  Drone  
  115  20:51  Drone  
  115  20:53  Drone  
  117  21:01  Ultralisk  
  117  21:03  Zergling x2  
  124  21:05  Zergling x4  
  124  21:07  Zergling x2  
  124  21:08  Zergling x2  
  124  21:09  Zergling x2  
  124  21:11  Zergling x2  
  130  21:12  Zergling x2  
  130  21:16  Zergling x2  
  130  21:18  Zergling x2  
  130  21:23  Drone x2  
  109  21:25  Roach  
  109  21:27  Hydralisk, Baneling  
  109  21:28  Baneling x2  
  109  21:30  Hydralisk  
  104  21:34  Hydralisk  
  104  21:36  Drone  
  104  21:37  Drone  
  104  21:39  Drone  
  109  21:41  Drone  
  109  21:43  Drone  
  109  21:44  Drone  
  109  21:46  Drone  
  113  21:48  Drone  
  114  21:57  Ultralisk  
  114  21:58  Zergling x2  
  114  22:00  Zergling x2, Baneling  
  122  22:01  Baneling  
  122  22:02  Zergling x2  
  122  22:03  Baneling x2  
  122  22:04  Zergling x2  
  122  22:05  Baneling  
  122  22:06  Baneling  
  122  22:07  Zergling x2  
  122  22:08  Baneling x2  
  125  22:09  Zergling x2  
  125  22:10  Baneling x2  
  125  22:12  Zergling x2, Baneling  
  125  22:13  Baneling  
  125  22:14  Zergling x2, Baneling  
  125  22:15  Baneling  
  128  22:16  Zergling x2  
  128  22:17  Baneling  
  128  22:18  Zergling x2, Baneling  
  128  22:19  Baneling  
  130  22:25  Ultralisk  
  136  22:31  Ultralisk  
  142  22:38  Ultralisk  
  142  22:39  Mutalisk  
  142  22:41  Baneling x2  
  142  22:42  Baneling  
  142  22:43  Baneling  
  145  22:44  Mutalisk  
  145  22:47  Mutalisk  
  145  22:49  Mutalisk  
  151  22:52  Infestor  
  151  22:54  Infestor  
  151  22:56  Infestor  
  157  23:01  Adrenal Glands  
  154  23:06  Burrow  
  154  23:08  Spore Crawler  
  154  23:09  Zergling x2  
  131  23:14  Zergling x2, Drone x2  
  131  23:15  Zergling x2  
  131  23:16  Drone  
  131  23:18  Zergling x2  
  131  23:19  Drone  
  133  23:21  Drone  
  133  23:22  Drone  
  133  23:24  Baneling  
  133  23:25  Drone  
  120  23:29  Drone  
  120  23:33  Drone  
  113  23:42  Ultralisk  
  104  24:00  Hatchery  
  101  24:03  Drone  
  101  24:06  Drone  
  101  24:09  Drone  
  104  24:12  Drone  
  104  24:15  Drone  
  106  24:17  Drone  
  106  24:21  Drone  
  106  24:23  Drone  
  109  24:26  Drone  
  109  24:28  Zergling x2  
  109  24:30  Drone  
  94  24:33  Zergling x2  
  94  24:37  Roach  
  59  24:42  Roach  
  61  24:47  Roach  
  61  24:51  Roach  
  65  25:08  Drone x12  
  65  25:09  Drone x5  
  65  25:11  Hydralisk  
  65  25:13  Drone x3  
  65  25:14  Drone x9  
  67  25:18  Hatchery  
  67  25:20  Drone  
  47  25:25  Drone  
  47  25:26  Drone  
  47  25:27  Drone  
  47  25:28  Drone  
  25  25:56  Drone  
  21  26:01  Drone  
  21  26:19  Drone x2  
  21  26:28  Drone  
  21  26:37  Drone  
  21  26:39  Drone  
  20  26:40  Drone  
  20  26:43  Drone  
  20  26:56  Drone  
Tags
 
Add a new tag
Caveats
  • Supply blocks, unpowered buildings, or Contaminate may cause inaccurate times.
  • Supply counts are checked every 10 seconds.